 Dungeon Crawl Stone Soup version 0.27.1-33-g824d729ab1 (webtiles) character file.

Game seed: 15788665809143549874

38 SensoryNuts the Skirmisher (level 3, -15/29 HPs)
             Began as a Vampire Fighter on Dec 10, 2021.
             Demolished by a +1 rapier of electrocution (19 damage)
             ... created by the rancor of the Wu Jian Council
             ... on level 2 of the Dungeon.
             The game lasted 00:02:22 (1166 turns).

SensoryNuts the Skirmisher (Vampire Fighter)        Turns: 1166, Time: 00:02:23

Health: -15/29     AC:  6    Str: 16    XL:     3   Next: 25%
Magic:  3/3        EV:  6    Int: 10    God:
Gold:   45         SH:  9    Dex: 13    Spells: 2/2 levels left

rFire    . . .     SeeInvis +   a - +0 long sword
rCold    . . .     Faith    .   c - +0 kite shield
rNeg     . . .     Spirit   .   b - +0 scale mail
rPois    .         Reflect  .   (no helmet)
rElec    .         Harm     .   (no cloak)
rCorr    .         Rampage  .   (no gloves)
Will     .....                  (no boots)
Stlth    ..........             (no amulet)
HPRegen  0.29/turn              (no ring)
MPRegen  0.08/turn              (no ring)

@: healing quickly, slowed, very slow
A: alive, fangs 3, see invisible, vampiric 2
a: Exsanguinate


You were on level 2 of the Dungeon.
You visited 1 branch of the dungeon, and saw 2 of its levels.

You collected 45 gold pieces.

Inventory:

Hand Weapons
 a - a +0 long sword (weapon)
Armour
 b - a +0 scale mail (worn)
 c - a +0 kite shield (worn)
Scrolls
 f - a scroll of fear
Potions
 d - a potion of might


   Skills:
 + Level 3.1 Fighting
 + Level 2.4 Long Blades
 + Level 2.8 Armour
 + Level 0.1 Dodging
 + Level 3.0 Shields


You had 2 spell levels left.
You didn't know any spells.
Your spell library contained the following spells:

 Spells                   Type           Power      Damage    Failure   Level
 Animate Skeleton         Necr           0%         N/A       100%        1
 Apportation              Tloc           0%         N/A       100%        1
 Corona                   Hex            0%         N/A       100%        1
 Summon Small Mammal      Summ           0%         N/A       100%        1


Dungeon Overview and Level Annotations

Branches:
Dungeon (2/15)

Altars:
Wu Jian


Innate Abilities, Weirdness & Mutations

Your natural rate of healing is accelerated.
You have razor-sharp teeth.
You have supernaturally acute eyesight. (SInv)
You are afflicted with vampirism and can become a bat while bloodless.


Message History

The worm is heavily wounded.
The worm bites you.
You hit the worm.
The worm is severely wounded.
You block the worm's attack.
You slash the worm!
The worm is almost dead.
You slash the worm!
You kill the worm!
No target in view!
No target in view!
No target in view!
No target in view!
No target in view!
No target in view!
No target in view!
No target in view!
No target in view!
No target in view!
No target in view!
No target in view!
No target in view!
Sifu Gene Jian Bin whispers: Nowhere to run... 5 dancing weapons come into view.
There is a +3 quarterstaff of speed.
There is a +1 rapier of electrocution.
There is a +0 broad axe of flaming.
There is a +4 vorpal dire flail.
There is a +4 rapier of speed.
There are monsters nearby!
Okay, then.
You hit the +0 broad axe of flaming.
The +0 broad axe of flaming is almost destroyed.
You hit the +0 broad axe of flaming but do no damage.
The +0 broad axe of flaming is almost destroyed.
The +4 rapier of speed hits you!
You block the +1 rapier of electrocution's attack.
The +0 broad axe of flaming hits you but does no damage.
The +4 rapier of speed hits you!
* * * LOW HITPOINT WARNING * * *
The +1 rapier of electrocution hits you but does no damage.
You are electrocuted!!
Ouch! That really hurt!
You die...

.###.#.#
#(#.######
.......#
#.#......#
####...#
#.######.# #...#
#.# #.# #...#
#†# #.#
##.#####.# #.#
#.....#.######.#
#..##.#....#((.#
##.##.####.#@###
...#....#.#(#
....####.#.#((
#....# #.#.####
#....# #...#
#...## #####


You could see 5 dancing weapons.

Vanquished Creatures
  An adder (D:2)
  A worm (D:2)
  3 endoplasms (D:1)
  3 giant cockroaches (D:1)
  3 goblins (D:1)
  A hobgoblin (D:2)
  3 jackals (D:1)
  A quokka (D:1)
  2 ball pythons (D:1)
  3 bats
  2 frilled lizards (D:1)
  2 rats
25 creatures vanquished.

Vanquished Creatures (others)
  A fungus (D:1)
  2 plants (D:1)
3 creatures vanquished.

Grand Total: 28 creatures vanquished

Notes
Turn   | Place    | Note
-------+----------+-------------------------------------------
     0 | D:1      | SensoryNuts the Vampire Fighter began the quest for the
                  | Orb.
     0 | D:1      | Reached XP level 1. HP: 17/17 MP: 1/1
   103 | D:1      | Reached XP level 2. HP: 20/23 MP: 2/2
   627 | D:1      | Found a faded altar of an unknown god.
   999 | D:1      | Became a worshipper of the Wu Jian Council
   999 | D:1      | Reached * piety under Wu Jian
  1001 | D:1      | Fell from the grace of Wu Jian
  1109 | D:2      | Gained mutation: You are afflicted with vampirism and can
                  | become a bat while bloodless. [Vampire growth]
  1109 | D:2      | Reached XP level 3. HP: 29/29 MP: 3/3
  1165 | D:2      | Noticed a +3 quarterstaff of speed
  1165 | D:2      | Noticed a +1 rapier of electrocution
  1165 | D:2      | Noticed a +0 broad axe of flaming
  1165 | D:2      | Noticed a +4 vorpal dire flail
  1165 | D:2      | Noticed a +4 rapier of speed
  1166 | D:2      | Demolished by a +1 rapier of electrocution

Illustrated notes

Levels and vault maps discovered:
D:1:      roderic_crossed_star, layout_basic,
          shapermc_ecumenical_altar_mp_urbaneastern
D:2:      layout_basic, uniq_crazy_yiuf_cottage

Skill      XL: |  1  2 |
---------------+-------+-----
Shields        | 3 |  3.0
Fighting       | 3 |  3.1
Long Blades    | |  2.4
Armour         | |  2.8
Dodging        | |  0.1

Action                   || total
-------------------------++-------
Melee: Long sword        ||    82
       Bite              ||    10
Invok: Renounce Religion ||     1
  Use: Scroll            ||     3
Armor: Scale mail        ||    40
Dodge: Dodged            ||    22
Block: Kite shield       ||    37
       Rpst.: Long sword ||     9
